 Dungeon Crawl Stone Soup version 0.30-a0-1050-g2766ea1e55 (webtiles) character file.

Game seed: 14219710041748797464

486 Lavandula the Transmogrifier (level 7, -5/48 HPs)
             Began as a Merfolk Transmuter on Apr 9, 2023.
             Killed from afar by Pikel (10 damage)
             ... with a puff of flame
             ... on level 4 of the Dungeon on Apr 10, 2023.
             The game lasted 00:08:43 (4087 turns).

Lavandula the Transmogrifier (Merfolk Transmuter)   Turns: 4087, Time: 00:08:44

Health: -5/48      AC:  2    Str: 11    XL:     7   Next: 13%
Magic:  7/10       EV: 20    Int: 14    God:
Gold:   85         SH:  0    Dex: 19    Spells: 4/10 levels left

rFire   . . .      SeeInvis .      - Unarmed
rCold   . . .      Faith    .    (shield currently unavailable)
rNeg    . . .      Spirit   .    a - melded +0 robe
rPois   x          Reflect  .    i - melded +2 helmet of Marbles {rElec rPois Str+4}
rElec   .          Rampage  .    (cloak currently unavailable)
rCorr   .                        (gloves currently unavailable)
Will    .....                    (boots currently unavailable)
Stlth   ++                       (no amulet)
HPRegen 0.28/turn                (no ring)
MPRegen 0.12/turn                (no ring)

@: spider-form
A: venomous fangs, tiny, (nimble swimmer 2), (mertail)
a: End Transformation


You were on level 4 of the Dungeon.
You were a venomous arachnid creature.
You visited 1 branch of the dungeon, and saw 4 of its levels.

You collected 184 gold pieces.
You spent 99 gold pieces at shops.

Inventory:

Missiles
 n - a throwing net
Armour
 a - a +0 robe (melded)
 i - the +2 helmet of Marbles (melded) {rElec rPois Str+4}
   (You took it off Robin on level 2 of the Dungeon)

   Str:       It affects your strength (+4).
   rElec:     It insulates you from electricity.
   rPois:     It protects you from poison.
Wands
 v - a wand of mindburst (22)
Scrolls
 c - 2 scrolls of fog {unknown}
 e - 5 scrolls of identify
 g - 3 scrolls of vulnerability {unknown}
 k - a scroll of poison {unknown}
 o - 2 scrolls of teleportation
 p - 2 scrolls of fear
 q - 2 scrolls of enchant weapon {unknown}
 s - a scroll of blinking {unknown}
 t - a scroll of magic mapping {unknown}
 u - 2 scrolls of summoning {unknown}
 w - a scroll of brand weapon {unknown}
 x - a scroll of immolation {unknown}
 y - a scroll of silence {unknown}
Potions
 b - 2 potions of lignification
 d - a potion of ambrosia
 f - a potion of heal wounds
 h - 3 potions of attraction
 j - a potion of invisibility
 l - 2 potions of curing
 m - a potion of haste
 r - a potion of mutation


   Skills:
 + Level 1.1 Fighting
 - Level 2.6 Dodging
 - Level 5.0 Unarmed Combat
 - Level 2.0 Spellcasting
 - Level 8.8 Transmutations


You had 4 spell levels left.
You knew the following spells:

 Your Spells              Type           Power      Damage    Failure   Level
a - Beastly Appendage     Tmut           52%        N/A       4%          1
b - Wereblood             Tmut           26%        N/A       4%          2
c - Spider Form           Tmut/Pois      13%        N/A       28%         3

Your spell library contained the following spells:

 Spells                   Type           Power      Damage    Failure   Level
 Summon Small Mammal      Summ           4%         N/A       45%         1
 Ice Form                 Ice/Tmut       13%        N/A       58%         4
 Call Canine Familiar     Summ           1%         N/A       77%         3
 Frozen Ramparts          Ice            2%         1d1       77%         3
 Summon Guardian Golem    Hex/Summ       1%         N/A       77%         3
 Passage of Golubria      Tloc           1%         N/A       98%         4
 Summon Ice Beast         Ice/Summ       1%         N/A       98%         4
 Silence                  Hex/Air        0%         N/A       100%        5
 Lehudib's Crystal Spear  Conj/Erth      0%         10d2      100%        8


Dungeon Overview and Level Annotations

Branches:
Dungeon (4/15)
 Temple: D:4-7

Altars:
Fedhas
Vehumet

Shops:
D:2 ?

Annotations:
D:4 1 transporter, Pikel


Innate Abilities, Weirdness & Mutations

You are a venomous arachnid creature.
You have venomous fangs.
You are tiny and dextrous.
Your spellcasting is less reliable in this form.
Your armour is entirely melded.
You are incapable of wielding weapons or throwing items.
((You are very nimble when in or above water. (Stealth+, EV+, Speed+++)))
((Your lower body shifts to a powerful aquatic tail in water.))


Message History

Okay, then.
Unknown command.
Casting: Spider Form (dangerous; 12% risk of failure)
Confirm with . or Enter, or press ? or * to list all spells.
You turn into a venomous arachnid creature.
The +2 helmet of Marbles {rElec rPois Str+4} melds into your body.
Your +0 robe melds into your body.
The lemure hits you.
There are monsters nearby!
Unknown command.
You barely miss the lemure.
The lemure is heavily wounded.
The lemure closely misses you.
Unknown command.
You barely miss the lemure.
The lemure is severely wounded.
The lemure barely misses you.
Unknown command.
Unknown command.
You hit the lemure.
You kill the lemure!
That felt strangely unrewarding.
Unknown command.
You hit Pikel.
Pikel is poisoned.
Pikel is lightly wounded.
Pikel hits you with a +0 whip of freezing!
* * * LOW HITPOINT WARNING * * *
Pikel freezes you.
* * * LOW HITPOINT WARNING * * *
Unknown command.
You hit Pikel.
Pikel looks as sick as possible!
Pikel is moderately wounded.
Pikel closely misses you.
Unknown command.
You hit Pikel but do no damage.
Pikel looks as sick as possible!
Pikel is moderately wounded.
Pikel zaps a wand.
The puff of flame hits you.
* * * LOW HITPOINT WARNING * * *
Unknown command.
Pikel zaps a wand.
The puff of flame hits you!
You die...

..## ## #.. # ... ..# K..
.# #######.### #.# 55
#.## ........... ...
...>... ........# #.#
5#... ........# #.# ...
........# #####.###.##.##
#.###...# #......K5....<#
###.#...# #....s###.#...#
....#...####.........# .#
##.##............##### .#
#...#####.....# . ##...#
#.....# .##....# #.....#
.# ©#.....### #.....###.#
.#
.#.......###......##.#..#
.###.........#.....#.#..#


You could see Pikel (extremely poisoned) and a lemure.

Vanquished Creatures
  A black bear (D:4)
  2 ogres (D:4)
  3 lemures (D:4)
  A scorpion (D:4)
  An iguana (D:4)
  Robin (D:2)
  3 adders
  4 worms
  2 dart slugs
  2 orcs
  12 ball pythons
  4 endoplasms
  3 giant cockroaches
  13 goblins
  8 hobgoblins
  3 jackals (D:1)
  3 quokkas
  8 bats
  A frilled lizard (D:2)
  2 kobolds (D:3)
  8 rats
85 creatures vanquished.

Vanquished Creatures (others)
  A plant (D:2)
1 creature vanquished.

Grand Total: 86 creatures vanquished

Notes
Turn   | Place    | Note
-------+----------+-------------------------------------------
     0 | D:1      | Lavandula the Merfolk Transmuter began the quest for the
                  | Orb.
     0 | D:1      | Reached XP level 1. HP: 15/15 MP: 3/3
     6 | D:1      | Noticed a polar bear
     6 | D:1      | Noticed a wyvern
     6 | D:1      | Noticed a snapping turtle
     7 | D:1      | Noticed a salamander
   142 | D:1      | Reached XP level 2. HP: 16/21 MP: 3/5
   237 | D:1      | Learned a level 2 spell: Wereblood
   842 | D:1      | Reached XP level 3. HP: 23/26 MP: 4/6
   846 | D:1      | Learned a level 3 spell: Spider Form
  1198 | D:2      | Identified the +2 helmet of Marbles {rElec rPois Str+4}
  1198 | D:2      | Noticed Robin
  1232 | D:2      | Killed Robin
  1237 | D:2      | Reached skill level 5 in Unarmed Combat
  1371 | D:2      | Reached skill level 3 in Transmutations
  1471 | D:2      | Reached XP level 4. HP: 32/32 MP: 5/7
  1979 | D:2      | Found Inachur's Magic Scroll Emporium.
  1985 | D:2      | Bought a scroll of teleportation for 33 gold pieces
  1985 | D:2      | Bought a scroll of identify for 22 gold pieces
  1985 | D:2      | Bought a scroll of fear for 44 gold pieces
  2304 | D:3      | Reached skill level 4 in Transmutations
  2822 | D:3      | Reached XP level 5. HP: 31/37 MP: 6/8
  3015 | D:3      | Reached skill level 5 in Transmutations
  3338 | D:4      | Found a blossoming altar of Fedhas.
  3491 | D:4      | Found a radiant altar of Vehumet.
  3532 | D:4      | Noticed an ogre
  3553 | D:4      | Killed an ogre
  3554 | D:4      | Reached skill level 6 in Transmutations
  3648 | D:4      | Reached XP level 6. HP: 43/43 MP: 5/9
  3691 | D:4      | Reached skill level 7 in Transmutations
  3692 | D:4      | Reached skill level 8 in Transmutations
  3726 | D:4      | Noticed a small abomination
  3733 | D:4      | Found a transporter.
  3777 | D:4      | Noticed a black bear
  3788 | D:4      | Killed a black bear
  3789 | D:4      | Reached XP level 7. HP: 25/48 MP: 7/10
  4058 | D:4      | Noticed Pikel
  4087 | D:4      | Killed from afar by Pikel

Illustrated notes

Levels and vault maps discovered:
D:1:      onia_arrival_zoo_common, layout_loops_corners,
          chequers_serial_rivers_small_a, minmay_shallow_snake_nest
D:2:      layout_loops_corners, serial_shops, shop, serial_bayou_pond_b,
          minmay_misc_feat_tower, chequers_mini_garden, minmay_misc_feat_iff,
          uniq_robin
D:3:      layout_loops_cross, chequers_decorated_corner, st_stairs_5,
          minmay_distorted
D:4:      layout_basic, fedhas_altar_3, mainiacjoe_overflow_24_doors,
          gammafunk_ghost_abyssal_escape, serial_bayou_crossing, uniq_pikel

Skill      XL: |  1  2  3  4  5  6 |
---------------+-------------------+-----
Unarmed Combat | 4 5 |  5.0
Transmutations | 3 4 6 8 |  8.8
Fighting       | |  1.1
Dodging        | |  2.6
Spellcasting   | |  2.0

Action                     |  1- 3 |  4- 6 |  7- 9 || total
---------------------------+-------+-------+-------++-------
  Melee: Unarmed           |    98 |   120 |    22 ||   240
         Headbutt          |    13 |     7 |       ||    20
         Punch             |     3 |     2 |       ||     5
   Cast: Beastly Appendage |    24 |    16 |       ||    40
         Spider Form       |     4 |    12 |     3 ||    19
    Use: Scroll            |       |     7 |       ||     7
   Stab: Sleeping          |       |     2 |       ||     2
 Armour: Robe              |    21 |    10 |       ||    31
         Skin              |       |     1 |     1 ||     2
  Dodge: Dodged            |    63 |    76 |     9 ||   148

Table legend: (Time is in decaauts)
 A = Elapsed time spent in this place.
 B = Non-inter-level travel time spent in this place.
 C = Inter-level travel time spent in this place.
 D = Time resting spent in this place.
 E = Time spent auto-exploring this place.
 F = Levels seen in this place.
 G = Mean time per level.
                   A        B        C        D        E       F      G
               +--------+--------+--------+--------+--------+-----+--------+
         Total |   4054 |   3929 |    125 |     71 |   3217 |   4 | 1013.5 |
       Dungeon |   4054 |   3929 |    125 |     71 |   3217 |   4 | 1013.5 |
               +--------+--------+--------+--------+--------+-----+--------+

Top non-repeatable levels by time:
     D:2: 1199 daAuts
     D:1: 1082 daAuts
     D:3: 1010 daAuts
     D:4: 762 daAuts
